AoeStats
← 体制少妇白洁

Arena

510235458Analyzed
4v4 RM · 2d ago on Sep 30, 2026· 68m 12s· 8 players
Game mode
Random Map
Map size
Large (8 player)
Population
200
Speed
Normal
Resources
Standard
Victory
Conquest
Starting age
Dark Age
Ending age
Imperial Age
RankedLock teamsTeams togetherTeam positionsShared explorationLock speedFull tech treeHidden civsTurbo modeCheats
Victory
Defeat
🇨🇳 Magyars · China
1503
+16
🇨🇳 Varangians · China
1484
+17
🇭🇰 Tupi · Hong Kong SAR China
1484
+17
🇹🇼 Poles · Taiwan
1471
+18
🇺🇸 Bohemians · United States
1588
-20
🇦🇷 Poles · Argentina
1532
-18
🇨🇳 Varangians · China
1509
-17
🇻🇳 Hindustanis · Vietnam
1404
-13
elmor
10:16 Feudal Age
14:17 Castle Age
12:34 Double-Bit Axe
12:38 Horse Collar
13:02 Double-Bit Axe
15:27 Bow Saw
15:20 Heavy Plow
23:04 Gold Mining
26:02 Wheelbarrow
25:38 Loom
26:59 Hand Cart
29:22 Imperial Age
27:42 Scale Barding Armor
27:48 Forging
27:46 Szlachta Privileges
28:57 Chain Barding Armor
29:13 Bloodlines
29:05 Husbandry
29:25 Cavalier
30:54 Iron Casting
30:42 Conscription
33:13 Blast Furnace
31:57 Capped Ram
33:07 Thumb Ring
32:23 Heavy Mounted Crossbowman
33:01 Siege Ram
33:56 Fletching
34:52 Bodkin Arrow
35:19 Ballistics
37:05 Chemistry
36:41 Bracer
38:23 Light Cavalry
41:40 Padded Archer Armor
41:55 Masonry
41:56 Fortified Wall
45:56 Crop Rotation
45:08 Winged Hussar
48:17 Lechitic Legacy
54:14 Leather Archer Armor
66:34 Siege Engineers
体制少妇白洁
雕牌洗衣粉
雀巢阿帆
enzoyin68
lisandropastore
10:34 Feudal Age
14:57 Castle Age
13:23 Horse Collar
14:06 Double-Bit Axe
15:43 Wheelbarrow
16:12 Heavy Plow
17:38 Bow Saw
21:44 Hand Cart
21:18 Town Watch
21:19 Loom
22:00 Stone Mining
22:59 Gold Mining
28:46 Imperial Age
26:32 Scale Mail Armor
27:55 Stone Shaft Mining
27:21 Squires
27:07 Arson
27:49 Forging
29:10 Chain Mail Armor
29:32 Iron Casting
30:18 Crop Rotation
30:24 Plate Mail Armor
30:20 Conscription
29:46 Elite Obuch
32:34 Blast Furnace
31:27 Fletching
32:54 Scale Barding Armor
33:17 Bloodlines
33:08 Husbandry
33:17 Light Cavalry
34:50 Winged Hussar
36:31 Lechitic Legacy
36:38 Chain Barding Armor
37:19 Bodkin Arrow
38:55 Masonry
40:26 Treadmill Crane
57:14 Capped Ram
[C82]sasuke
VN_BILL
Connection lost

Rejoining the realm…

Still unreachable

The connection could not be restored.

Session expired

The server has moved on; the page needs a fresh start.